AoeStats
← Cristobal1012

Yucatan

510293640Analyzed
2v2 RM · 9h ago on Sep 30, 2026· 27m 58s· 4 players
Game mode
Random Map
Map size
Medium (4 player)
Population
200
Speed
Normal
Resources
Standard
Victory
Conquest
Starting age
Dark Age
Ending age
Imperial Age
RankedLock teamsTeams togetherTeam positionsShared explorationLock speedFull tech treeHidden civsTurbo modeCheats
Victory
Defeat
🇨🇱 Mongols · Chile
972
+13
🇨🇱 Japanese · Chile
832
+18
🇨🇳 Cumans · China
900
-16
879
-15
理塘最強伝説丁真一郎
10:15 Feudal Age
11:07 Horse Collar
12:31 Loom
15:09 Castle Age
13:49 Scale Barding Armor
14:04 Double-Bit Axe
15:36 Forging
18:21 Wheelbarrow
17:36 Gambesons
17:51 Squires
17:38 Arson
18:39 Chain Barding Armor
19:10 Horse Collar
21:14 Heavy Plow
413401132
8:59 Loom
11:12 Feudal Age
12:02 Double-Bit Axe
14:06 Horse Collar
16:42 Gold Mining
17:48 Wheelbarrow
17:56 Stone Mining
20:47 Scale Mail Armor
22:58 Man-at-Arms
26:12 Castle Age
26:17 Pikeman
26:59 Heavy Plow
27:11 Bow Saw
27:13 Bloodlines
27:47 Squires
28:00 Scale Barding Armor
28:18 Hand Cart
Cristobal1012
12:29 Feudal Age
20:12 Castle Age
19:24 Double-Bit Axe
19:47 Stone Mining
19:47 Gold Mining
20:42 Wheelbarrow
21:12 Arson
gjdelcam
10:08 Feudal Age
10:57 Double-Bit Axe
14:12 Gold Mining
17:34 Castle Age
16:02 Fletching
16:13 Padded Archer Armor
18:23 Bodkin Arrow
18:36 Thumb Ring
19:38 Bow Saw
21:11 Ballistics
Connection lost

Rejoining the realm…

Still unreachable

The connection could not be restored.

Session expired

The server has moved on; the page needs a fresh start.